 Dungeon Crawl Stone Soup version 0.26-a0-1191-ge2a0e31ab3 (webtiles) character file.

Game seed: 2216961815215643494

142 Azzok the Shield-Bearer (level 5, -6/41 HPs)
             Began as a Demonspawn Fighter on Dec 28, 2020.
             Splashed by Ijyb's acid (14 damage)
             ... on level 2 of the Dungeon.
             The game lasted 00:03:35 (2991 turns).

Azzok the Shield-Bearer (Demonspawn Fighter)        Turns: 2991, Time: 00:03:36

Health: -6/41      AC:  2    Str: 17    XL:     5   Next: 3%
Magic:  5/5        EV: 11    Int: 10    God:
Gold:   66         SH:  0    Dex: 12    Spells: 4/4 levels left

rFire    . . .     SeeInvis .   a - +0 war axe
rCold    . . .     Faith    .   (no shield)
rNeg     . . .     Spirit   .   p - +0 chain mail
rPois    .         Reflect  .   (no helmet)
rElec    .         Harm     .   d - +0 cloak
rCorr    .         Rampage  .   (no gloves)
Will     .....                  (no boots)
Stlth    ..........             (no amulet)
HPRegen  0.13/turn              (no ring)
MPRegen  0.09/turn              (no ring)

@: agile, corroded
A: powered by pain 1
a: no special abilities


You were on level 2 of the Dungeon.
You visited 1 branch of the dungeon, and saw 3 of its levels.

You collected 66 gold pieces.

Inventory:

Hand Weapons
 a - a +0 war axe (weapon)
 f - a +1 dagger of draining
Armour
 c - a +0 kite shield
 d - a +0 cloak (worn)
 p - a +0 chain mail (worn)
Scrolls
 e - 6 scrolls of identify {unknown}
 i - a scroll of amnesia {unknown}
 j - 3 scrolls of teleportation {unknown}
 l - a scroll of blinking {unknown}
 m - a scroll of magic mapping {unknown}
 n - a scroll of fear {unknown}
Potions
 g - 2 potions of degeneration {unknown}
 h - a potion of mutation {unknown}
 k - a potion of berserk rage {unknown}


   Skills:
 - Level 3.0 Fighting
 + Level 3.5 Axes
 - Level 2.6 Armour
 + Level 4.1 Shields


You had 4 spell levels left.
You didn't know any spells.
Your spell library was empty.

Dungeon Overview and Level Annotations

Branches:
Dungeon (3/15)

Altars:

Annotations:
D:2 Ijyb


Innate Abilities, Weirdness & Mutations

You sometimes gain a little power by taking damage.


Message History

You hit Ijyb but do no damage.
Ijyb is severely wounded.
Ijyb barely misses you.
You closely miss Ijyb.
Ijyb is severely wounded.
Ijyb hits you.
You closely miss Ijyb.
Ijyb is severely wounded.
Ijyb hits you but does no damage. Ijyb closely misses you.
You hit Ijyb but do no damage.
Ijyb is severely wounded.
Ijyb hits you.
You closely miss Ijyb.
Ijyb is severely wounded.
Ijyb zaps a wand.
The bolt of acid hits you!
* * * LOW HITPOINT WARNING * * *
You focus on the pain.
You feel agile all of a sudden. The acid corrodes you!
You are splashed with acid!
You die...

▒▒≈≈≈≈≈≈·▒▒·▒ ▒·▒
▒▒▒▒≈≈≈≈····▒ ▒·▒
▒▒▒▒▒▒▒▒▒▒▒▒▒▒▒▒▒▒ ▒·▒
▒··†·············▒ ▒·▒
▒·▒▒▒▒▒▒▒▒▒▒▒▒▒▒·▒▒▒▒·▒
▒·▒············▒···▒▒·▒
···········▒·▒·▒·▒·▒▒·▒
▒·▒·▒▒▒▒·▒▒▒·▒·▒g▒····▒
▒·▒··········▒·▒@▒▒▒▒▒▒
▒·▒▒▒▒▒▒▒▒▒▒▒▒·▒··▒▒
▒···=··········▒···▒
▒▒▒▒▒▒▒▒▒▒▒▒▒▒▒····▒
··········▒ ▒╬··'▒
▒▒▒▒▒▒▒▒▒·▒▒ ▒····▒
········▒··▒ ▒P·P·▒
▒▒▒▒▒▒▒·▒▒▒▒ ▒▒P··▒
···········▒ ▒▒·▒▒


You could see Ijyb.

Vanquished Creatures
  Crazy Yiuf (D:2)
  A worker ant (D:2)
  3 adders (D:2)
  A worm (D:2)
  2 dart slugs (D:1)
  3 leopard geckos (D:2)
  2 bats
  4 giant cockroaches
  5 goblins
  5 hobgoblins
  4 jackals
  5 kobolds
  A quokka (D:2)
  4 frilled lizards (D:2)
  12 rats
53 creatures vanquished.

Notes
Turn   | Place    | Note
-------+----------+-------------------------------------------
     0 | D:1      | Azzok the Demonspawn Fighter began the quest for the Orb.
     0 | D:1      | Reached XP level 1. HP: 18/18 MP: 1/1
   178 | D:1      | Reached skill level 3 in Shields
   425 | D:1      | Gained mutation: You sometimes gain a little power by
                  | taking damage. [demonic ancestry]
   425 | D:1      | Reached XP level 2. HP: 24/24 MP: 2/2
   951 | D:1      | Reached XP level 3. HP: 29/29 MP: 3/3
  1194 | D:2      | Found a runed translucent door.
  1195 | D:2      | Noticed Crazy Yiuf
  1208 | D:2      | Killed Crazy Yiuf
  1603 | D:2      | Reached XP level 4. HP: 35/35 MP: 4/4
  1930 | D:2      | Reached skill level 4 in Shields
  2319 | D:2      | Reached XP level 5. HP: 22/41 MP: 5/5
  2976 | D:3      | Noticed Ijyb
  2991 | D:2      | Splashed by Ijyb's acid

Illustrated notes

Levels and vault maps discovered:
D:1:      wander_arrival_estate, layout_basic
D:2:      wander_river, layout_basic, st_stairs_9, serial_park_tiny_2,
          uniq_crazy_yiuf_cottage
D:3:      layout_rooms, uniq_ijyb

Skill      XL: |  1  2  3  4 |
---------------+-------------+-----
Axes           | 2 3 |  3.5
Shields        | 3 4 |  4.1
Fighting       | |  3.0
Armour         | |  2.6

Action                   |  1- 3 |  4- 6 || total
-------------------------+-------+-------++-------
Melee: Dagger            |    25 |       ||    25
       War axe           |    81 |    95 ||   176
  Use: Potion            |     1 |       ||     1
Armor: Scale mail        |    48 |    43 ||    91
       Chain mail        |       |     4 ||     4
Dodge: Dodged            |    38 |    64 ||   102
Block: Kite shield       |    42 |       ||    42

Table legend: (Time is in decaauts)
 A = Elapsed time spent in this place.
 B = Non-inter-level travel time spent in this place.
 C = Inter-level travel time spent in this place.
 D = Time resting spent in this place.
 E = Time spent auto-exploring this place.
 F = Levels seen in this place.
 G = Mean time per level.
                   A        B        C        D        E       F      G
               +--------+--------+--------+--------+--------+-----+--------+
         Total |   3086 |   2995 |     91 |    359 |   2138 |   3 | 1028.7 |
       Dungeon |   3086 |   2995 |     91 |    359 |   2138 |   3 | 1028.7 |
               +--------+--------+--------+--------+--------+-----+--------+

Top non-repeatable levels by time:
     D:2: 2082 daAuts
     D:1: 1000 daAuts
     D:3: 3 daAuts
